 Dungeon Crawl Stone Soup version 0.21-a0-528-gf531e82 (webtiles) character file.

1540 Gerstahl the Skirmisher (level 8, -2/79 HPs)
             Began as a Gargoyle Monk on Dec 8, 2017.
             Was a Believer of Nemelex Xobeh.
             Killed by divine providence
             ... invoked by an orc priest
              (13 damage)
             ... on level 7 of the Dungeon on Dec 9, 2017.
             The game lasted 00:16:10 (5462 turns).

Gerstahl the Skirmisher (Gargoyle Monk)             Turns: 5462, Time: 00:16:11

Health: -2/79      AC:  8    Str: 24    XL:     8   Next: 86%
Magic:  9/9        EV: 12    Int: 11    God:    Nemelex Xobeh [**....]
Gold:   108        SH:  0    Dex: 14    Spells: 7/7 levels left

rFire    . . .     SeeInvis .   g - +8 great sword "Ocaedoci" {slice, *Corrode Str+4}
rCold    . . .     Gourm    .   (shield currently unavailable)
rNeg     + . .     Faith    .   l - +0 scale mail
rPois    ∞         Spirit   .   u - +1 helmet
rElec    +         Reflect  .   (no cloak)
rCorr    .         Harm     .   B - +0 pair of gloves of Akawylam {rElec MR+} (curse)
MR       +....                  (no boots)
Stlth    ..........             (no amulet)
HPRegen  0.23/turn              (no ring)
MPRegen  0.11/turn              (no ring)

@: berserking (expiring), corroded, flying, very quick
A: negative energy resistance 1, electricity resistance, unbreathing,
petrification resistance, rot immunity, AC +5
a: Renounce Religion


You were on level 7 of the Dungeon.
You worshipped Nemelex Xobeh.
Nemelex Xobeh was pleased with you.
You were not hungry.

You visited 2 branches of the dungeon, and saw 8 of its levels.
You also visited: Sewer.

You collected 326 gold pieces.
You spent 218 gold pieces at shops.

Inventory:

Hand Weapons
 a - a +0 falchion
 g - the +8 great sword "Ocaedoci" (weapon) {slice, *Corrode Str+4}
   (You found it on level 5 of the Dungeon)

   It inflicts extra damage upon your enemies.
   It affects your strength (+4).
   It may corrode you when you take damage.
Armour
 l - a +0 scale mail (worn)
 u - a +1 helmet (worn)
 B - the cursed +0 pair of gloves of Akawylam (worn) {rElec MR+}
   (You bought it in a shop on level 6 of the Dungeon)

   It insulates you from electricity.
   It affects your resistance to hostile enchantments.
   It has a curse placed upon it.
Wands
 s - a wand of disintegration (9)
 w - a wand of clouds (6)
Scrolls
 d - 5 scrolls of remove curse {unknown}
 e - a scroll of magic mapping {unknown}
 j - 13 scrolls of identify {unknown}
 k - 9 scrolls of teleportation {unknown}
 p - 2 scrolls of fog {unknown}
 r - a scroll of enchant weapon {unknown}
 t - a scroll of immolation {unknown}
 x - a scroll of random uselessness {unknown}
 A - a scroll of blinking {unknown}
 C - a scroll of acquirement {unknown}
Potions
 f - a potion of magic
 h - a potion of cancellation
 i - a potion of invisibility {unknown}
 n - 2 potions of flight
 v - a potion of agility {unknown}
Miscellaneous
 o - a plain deck of destruction
 y - a plain deck of destruction
 z - a plain deck of destruction
Comestibles
 b - a meat ration
 c - 7 bread rations
 m - 2 royal jellies


   Skills:
 + Level 7.3 Fighting
 + Level 6.1 Long Blades
 + Level 5.9 Armour
 + Level 3.2 Dodging
 - Level 2.1 Stealth
 + Level 2.4 Invocations


You had 7 spell levels left.
You didn't know any spells.

Dungeon Overview and Level Annotations

Branches:
Dungeon (7/15)             Temple (1/1) D:4

Altars:
Ashenzari
Cheibriados
Dithmenos
Elyvilon
Fedhas
Gozag
Kikubaaqudgha
Makhleb
Nemelex Xobeh
Qazlal
Sif Muna
Uskayaw
Vehumet
Wu Jian
Yredelemnul
Zin
The Shining One

Shops:
D:6 [


Innate Abilities, Weirdness & Mutations

You are resistant to torment.
Your stone body is resilient. (AC +5)
You are immune to poison.
You resist negative energy. (rN+)
You are resistant to electric shocks. (rElec)
You can survive without breathing.
You are immune to petrification.
You are immune to rotting.


Message History

You fly up into the air.
The orc priest mumbles some strange prayers to Beogh against you.
Pain shoots through your body!
* * * LOW HITPOINT WARNING * * *
It was a potion of berserk rage.
A red film seems to cover your vision as you go berserk!
You feel yourself moving faster!
You feel mighty!
The orc priest casts a cantrip, but nothing happens.
You slash the orc priest!
The orc priest is severely wounded.
The orc priest closely misses you.
You slice the orc priest!!
You kill the orc priest!
You closely miss something. Something hits you but does no damage.
You closely miss something. Something hits you but does no damage.
You miss something.
The orc priest mumbles some strange prayers to Beogh against you.
Beogh smites you!
You die...
Your body glows slightly and disappears. .'........... ..... ##.#...###.. ... ##..###.. ... #. #....#.. .Fo

#.##.##.#.. #h#
#.##.##.#.. #o#
#.##.##.#.. #†#
###.......... ##@##
#......##.###
##...###.#....##.#
#.....##.#....##.#
##!..###.........#
#######.##
#.......###
........####.......#
#######...........##
######......#
########


You could see a bullfrog, a hound, an orc priest and an orc.

Vanquished Creatures
  2 orc warriors
  A sky beast (D:6)
  A phantom (D:6)
  An ice beast (D:6)
  An ogre (D:4)
  A crocodile (Sewer)
  2 centaurs
  A scorpion (D:5)
  2 howler monkeys
  3 crimson imps
  2 hounds
  3 orc priests
  4 orc wizards
  Ijyb (D:4)
  An iguana (D:6)
  2 worker ants (D:6)
  A hound zombie (D:5)
  3 adders
  2 shadow imps (D:6)
  An ooze (D:3)
  3 adder skeletons
  An adder zombie (D:6)
  2 worms (D:2)
  4 dart slugs
  2 leopard geckos (D:5)
  13 orcs
  5 giant cockroaches
  3 goblins
  8 jackals
  10 kobolds
  2 quokkas
  A ball python (D:7)
  2 bats
  8 frilled lizards
  A leopard gecko skeleton (D:5)
  4 rats
104 creatures vanquished.

Notes
Turn   | Place    | Note
-------+----------+-------------------------------------------
     0 | D:1      | Gerstahl the Gargoyle Monk began the quest for the Orb.
     0 | D:1      | Reached XP level 1. HP: 14/14 MP: 1/1
   327 | D:1      | Reached XP level 2. HP: 15/19 MP: 2/2
   743 | D:2      | Reached XP level 3. HP: 16/24 MP: 3/3
   745 | D:2      | Reached skill level 4 in Fighting
  1240 | D:2      | Found an opulent altar of Gozag.
  1364 | D:2      | Found a white marble altar of Elyvilon.
  1636 | D:3      | Reached skill level 1 in Armour
  1636 | D:3      | Reached XP level 4. HP: 25/29 MP: 4/4
  2068 | D:4      | Noticed Ijyb
  2116 | D:4      | Noticed a bullfrog
  2283 | D:4      | Reached XP level 5. HP: 9/34 MP: 5/5
  2716 | D:4      | Found a staircase to the Ecumenical Temple.
  2729 | Temple   | Entered the Ecumenical Temple
  3092 | D:4      | Killed Ijyb
  3092 | D:4      | Reached skill level 5 in Fighting
  3285 | D:4      | Noticed an ogre
  3295 | D:4      | Killed an ogre
  3295 | D:4      | Reached XP level 6. HP: 23/40 MP: 6/6
  3425 | D:5      | Entered Level 5 of the Dungeon
  3444 | D:5      | Found a glowing drain.
  3475 | D:5      | Got a smoking great sword
  3492 | D:5      | Identified the +8 great sword "Ocaedoci" {slice, *Corrode Str+4} (You found it on level 5 of the Dungeon)
  3686 | Sewer    | Entered a sewer
  3737 | Sewer    | Reached XP level 7. HP: 45/45 MP: 7/7
  3851 | D:5      | Reached skill level 6 in Fighting
  3851 | D:5      | Reached skill level 5 in Long Blades
  4390 | D:6      | Reached XP level 8. HP: 51/52 MP: 8/8
  4425 | D:6      | Reached skill level 5 in Armour
  4496 | D:6      | Found a sparkling altar of Nemelex Xobeh.
  4510 | D:6      | Became a worshipper of Nemelex Xobeh the Trickster
  4510 | D:6      | Received a gift from Nemelex Xobeh
  4510 | D:6      | Reached * piety under Nemelex Xobeh
  4510 | D:6      | Received a gift from Nemelex Xobeh
  4510 | D:6      | Reached ** piety under Nemelex Xobeh
  4579 | D:6      | Found a hide-covered altar of Uskayaw.
  4670 | D:6      | Found Buiryh's Antique Armour Boutique.
  4678 | D:6      | Bought a pair of smoking gloves for 218 gold pieces
  4683 | D:6      | Identified the cursed +0 pair of gloves of Akawylam {rElec MR+} (You bought it in a shop on level 6 of the Dungeon)
  4688 | D:6      | Reached skill level 1 in Invocations
  4862 | D:7      | Reached skill level 7 in Fighting
  5136 | D:7      | Received a gift from Nemelex Xobeh
  5462 | D:7      | Killed from afar by an orc priest

Vault maps used:
D:1:      minmay_arrival_four_circles, serial_bayou_pond_a
D:2:      elyvilon_altar_4, lemuel_doored_altar, minivault_4
D:3:      first_bread
D:4:      minmay_temple_entry_statues_pillars, lightli_corner_chamber, uniq_ijyb
D:5:      portal_sewer_entry_a
D:6:      nicolae_overflow_hidden_temple, lemuel_crystal_altar, serial_shops,
          shop, grunt_ministairs_2
D:7:      the_bakery, hangedman_abyss_or_decor_stabs
Temple:   oiseaux_autumnal_temple
Sewer:    sewer_the_crocodile

Skill      XL: |  1  2  3  4  5  6  7  8 |
---------------+-------------------------+-----
Long Blades    | 3 4 5 6 |  6.1
Fighting       | 4 5 6 7 |  7.3
Armour         | 1 3 4 5 |  5.9
Invocations    | 2 |  2.4
Dodging        | 3 |  3.2
Stealth        | |  2.1

Action                   |  1- 3 |  4- 6 |  7- 9 || total
-------------------------+-------+-------+-------++-------
Melee: Falchion          |   127 |   188 |       ||   315
       Unarmed           |       |     3 |       ||     3
       Great sword       |       |     8 |   104 ||   112
  Use: Potion            |       |     5 |     4 ||     9
 Stab: Sleeping          |     5 |       |       ||     5
  Eat: Chunk             |     2 |     3 |     2 ||     7
       Fruit             |       |     2 |     4 ||     6
       Royal jelly       |       |     1 |     1 ||     2
Armor: Robe              |    12 |       |       ||    12
       Leather armour    |    11 |       |       ||    11
       Scale mail        |    38 |   110 |    36 ||   184
       Skin              |       |    14 |    87 ||   101
Dodge: Dodged            |    83 |   101 |    57 ||   241
       Rpst.: Falchion   |    27 |    35 |       ||    62
       Great sword       |       |     2 |    14 ||    16

Table legend:
 A = Spawn XP
 B = Non-spawn XP
 C = Spawn XP percentage of total XP
 D = Spawn monster count
 E = Non-spawn monster count
 F = Spawn count percentage of total count
 G = Total turns spent on level
                    A         B        C        D         E        F      G
               +---------+---------+-------+---------+---------+-------+---------
         Total |       0 |    2200 |   0.0 |       0 |     104 |   0.0 |  5462
               +---------+---------+-------+---------+---------+-------+---------
           D:1 |       0 |      14 |   0.0 |       0 |       9 |   0.0 |   548
           D:2 |       0 |      47 |   0.0 |       0 |      18 |   0.0 |   935
           D:3 |       0 |      43 |   0.0 |       0 |       9 |   0.0 |   561
           D:4 |       0 |     311 |   0.0 |       0 |      12 |   0.0 |  1170
           D:5 |       0 |     503 |   0.0 |       0 |      24 |   0.0 |   863
           D:6 |       0 |     768 |   0.0 |       0 |      17 |   0.0 |   733
           D:7 |       0 |     398 |   0.0 |       0 |       9 |   0.0 |   347
         Sewer |       0 |     116 |   0.0 |       0 |       6 |   0.0 |    94
               +---------+---------+-------+---------+---------+-------+---------
